 Dungeon Crawl Stone Soup version 0.21.1-1-g345015f (webtiles) character file.

2727 nicolaieve the Cleaver (level 9, 0/78 HPs)
             Began as a Minotaur Berserker on July 10, 2018.
             Was an Elder of Trog.
             Slain by a two-headed ogre
             ... wielding a +0 giant club
              (4 damage)
             ... on level 8 of the Dungeon.
             The game lasted 00:24:42 (6185 turns).

nicolaieve the Cleaver (Minotaur Berserker)         Turns: 6185, Time: 00:24:42

Health: 0/78       AC: 13    Str: 25    XL:     9   Next: 40%
Magic:  0/8        EV:  8    Int:  4    God:    Trog [****..]
Gold:   411        SH:  0    Dex: 10    Spells: 8/8 levels left

rFire    . . .     SeeInvis .   q - +2 battleaxe
rCold    . . .     Gourm    .   (shield currently unavailable)
rNeg     . . .     Faith    .   x - +0 plate armour
rPois    .         Spirit   +   (helmet restricted)
rElec    .         Reflect  .   (no cloak)
rCorr    .         Harm     .   (no gloves)
MR       ++...                  (no boots)
Stlth    ..........             D - amulet of guardian spirit
HPRegen  1.23/turn              m - ring of flight
MPRegen  0.11/turn              (no ring)

@: regenerating, drained
A: retaliatory headbutt, horns 2
a: Berserk, Trog's Hand, Brothers in Arms, Burn Spellbooks, Renounce Religion,
Evoke Flight


You were on level 8 of the Dungeon.
You worshipped Trog.
Trog was greatly pleased with you.
You were not hungry.

You visited 1 branch of the dungeon, and saw 8 of its levels.
You also visited: Sewer.

You collected 411 gold pieces.

Inventory:

Hand Weapons
 a - a +0 hand axe
 h - a +2 whip of flaming
 q - a +2 battleaxe (weapon)
 r - a +4 mace
 C - a +0 war axe
Armour
 x - a +0 plate armour (worn)
Jewellery
 m - a ring of flight (left hand)
 D - an amulet of guardian spirit (around neck)
Wands
 d - a wand of polymorph (10)
 v - a wand of iceblast (6)
Scrolls
 e - 3 scrolls of magic mapping
 f - 2 scrolls of immolation {unknown}
 g - 3 scrolls of remove curse
 i - 4 scrolls of teleportation {unknown}
 p - a scroll of fear
 s - 3 scrolls of enchant armour {unknown}
 w - a scroll of blinking {unknown}
 y - a scroll of noise {unknown}
Potions
 b - a potion of flight
 j - 3 potions of might
 k - 2 potions of lignification
 n - 6 potions of curing
 o - a potion of brilliance {unknown}
 t - a potion of haste {unknown}
 u - 2 potions of mutation
 z - a potion of heal wounds {unknown}
Comestibles
 c - 15 rations


   Skills:
 + Level 6.4(5.3) Fighting
 * Level 11.9(10.6) Axes
 + Level 8.2(7.1) Armour
 + Level 3.9(2.8) Dodging


You had 8 spell levels left.
You didn't know any spells.

Dungeon Overview and Level Annotations

Branches:
Dungeon (8/15)             Temple (0/1) D:4
   Lair: D:8-11

Altars:
Ashenzari
Dithmenos
Elyvilon
Gozag
Makhleb
Okawaru
Ru
Sif Muna
Vehumet


Innate Abilities, Weirdness & Mutations

You reflexively headbutt those who attack you in melee.
You have a pair of horns on your head.


Message History

Unknown command.
You slash the kobold!
You kill the kobold!
Trog accepts your kill.
You slice the two-headed ogre!!
The big kobold throws a stone.
The stone hits you but does no damage.
Your plate armour prevents you from hitting the kobold.
You hit the two-headed ogre.
You recover from your berserk rage.
The two-headed ogre hits you with a giant club!!
* * * LOW HITPOINT WARNING * * *
The two-headed ogre hits you with a giant spiked club!
* * * LOW HITPOINT WARNING * * *
Unknown command.
Unknown command.
Okay, then.
You hit the two-headed ogre.
The two-headed ogre is heavily wounded.
The two-headed ogre hits you with a giant club.
You die...

#######
......K##############
.....KKO@............
.....FK##.........###
....... #............
....... #....)....###
..##### #............
# #....[#'#.###
#.###)#.# .. ###
#)#.# #.
#######.#.#..#


You could see a two-headed ogre, a big kobold, a bullfrog and 3 kobolds.

Vanquished Creatures
  Pikel (D:7)
  Prince Ribbit (D:5)
  Grinder (D:5)
  An orc warrior (D:7)
  2 slaves (D:7)
  A sky beast (D:7)
  A phantom (D:7)
  4 ogres
  2 centaurs (D:7)
  A crocodile (Sewer)
  A bullfrog (D:6)
  A scorpion (D:4)
  2 howler monkeys
  4 wights (D:8)
  A crimson imp (D:5)
  A bullfrog zombie (D:5)
  Crazy Yiuf (D:3)
  An orc priest (D:7)
  2 hounds
  A jelly (D:7)
  3 orc wizards
  5 worker ants
  A killer bee zombie (D:5)
  A hound zombie (D:5)
  7 gnolls
  7 adders
  A shadow imp (D:7)
  An ooze (D:1)
  An adder zombie (D:5)
  An adder skeleton (D:6)
  3 worms
  5 leopard geckos
  10 orcs
  9 bats
  18 giant cockroaches
  3 hobgoblins
  2 jackals (D:2)
  2 quokkas
  3 frilled lizards
  4 goblins
  5 kobolds
  3 rats
125 creatures vanquished.

Notes
Turn   | Place    | Note
-------+----------+-------------------------------------------
     0 | D:1      | nicolaieve the Minotaur Berserker began the quest for the Orb.
     0 | D:1      | Reached XP level 1. HP: 19/19 MP: 0/0
   177 | D:1      | Reached skill level 4 in Axes
   177 | D:1      | Reached XP level 2. HP: 22/27 MP: 1/1
   391 | D:1      | You fall through a shaft!
   525 | D:2      | Found a shattered altar of Ashenzari.
   526 | D:2      | Found a radiant altar of Vehumet.
   812 | D:2      | Reached XP level 3. HP: 33/33 MP: 2/2
   998 | D:2      | Found a white marble altar of Elyvilon.
  1290 | D:2      | Reached ** piety under Trog
  1293 | D:2      | Reached XP level 4. HP: 41/41 MP: 3/3
  1302 | D:2      | Reached skill level 5 in Axes
  1754 | D:3      | Found a glowing drain.
  1777 | Sewer    | Entered a sewer
  1807 | Sewer    | Noticed a crocodile
  1833 | Sewer    | Killed a crocodile
  1833 | Sewer    | Reached XP level 5. HP: 12/47 MP: 4/4
  2169 | D:3      | Reached skill level 6 in Axes
  2417 | D:3      | Found a runed door.
  2737 | D:3      | Noticed Crazy Yiuf
  2743 | D:3      | Killed Crazy Yiuf
  2876 | D:4      | Reached XP level 6. HP: 43/55 MP: 5/5
  2926 | D:4      | Reached skill level 5 in Fighting
  3007 | D:4      | Reached skill level 7 in Axes
  3056 | D:4      | Found a deep blue altar of Sif Muna.
  3203 | D:4      | Found a burning altar of Makhleb.
  3239 | D:4      | Found a staircase to the Ecumenical Temple.
  3552 | D:5      | Entered Level 5 of the Dungeon
  3602 | D:5      | Noticed Grinder
  3606 | D:5      | Killed Grinder
  3606 | D:5      | Reached skill level 8 in Axes
  3606 | D:5      | Reached XP level 7. HP: 61/61 MP: 6/6
  3607 | D:5      | Found a sacrificial altar of Ru.
  3626 | D:5      | Reached *** piety under Trog
  3654 | D:5      | Found an opulent altar of Gozag.
  3787 | D:5      | Found an iron altar of Okawaru.
  4022 | D:5      | Reached skill level 5 in Armour
  4059 | D:5      | Noticed Prince Ribbit
  4064 | D:5      | Killed Prince Ribbit
  4064 | D:5      | Reached skill level 9 in Axes
  4064 | D:5      | Reached XP level 8. HP: 69/69 MP: 7/7
  4392 | D:6      | Found a shadowy altar of Dithmenos.
  5277 | D:7      | Reached skill level 10 in Axes
  5285 | D:7      | Reached **** piety under Trog
  5469 | D:7      | Noticed Pikel
  5491 | D:7      | Killed Pikel
  5491 | D:7      | Reached skill level 11 in Axes
  5491 | D:7      | Reached XP level 9. HP: 75/75 MP: 8/8
  5918 | D:8      | Noticed an eight-headed hydra
  6177 | D:8      | Noticed a two-headed ogre
  6183 | D:8      | HP: 1/78 [two-headed ogre/giant club (8)]
  6185 | D:8      | Slain by a two-headed ogre

Skill      XL: |  1  2  3  4  5  6  7  8  9 |
---------------+----------------------------+-----
Axes           | 4 5 6 8 9 11 | 11.9
Fighting       | 4 5 6 |  6.4
Dodging        | 3 |  3.9
Armour         | 3 4 5 7 8 |  8.2

Action                   |  1- 3 |  4- 6 |  7- 9 || total
-------------------------+-------+-------+-------++-------
Melee: Hand axe          |    63 |   109 |   197 ||   369
       Headbutt          |     9 |    20 |    42 ||    71
       Whip              |       |       |    23 ||    23
       Battleaxe         |       |       |     4 ||     4
Invok: Berserk           |       |     2 |     4 ||     6
       Burn Spellbooks   |       |       |     1 ||     1
       Trog's Hand       |       |       |     1 ||     1
  Use: Scroll            |       |       |    10 ||    10
 Stab: Invisible         |       |       |     1 ||     1
       Paralysed         |       |       |     1 ||     1
  Eat: Chunk             |     1 |     7 |    11 ||    19
       Ration            |       |     1 |       ||     1
Armor: Animal skin       |     5 |     4 |       ||     9
       Scale mail        |       |    14 |       ||    14
       Chain mail        |       |     2 |       ||     2
       Plate armour      |       |    20 |    95 ||   115
Dodge: Dodged            |    53 |    53 |    86 ||   192
